 Dungeon Crawl Stone Soup version 0.20-a0-910-gb611367 (webtiles) character file.

210 Jivvin the Grave Robber (level 5, -1/35 HPs)
             Began as a Demonspawn Necromancer on Mar 23, 2017.
             Slain by an orc
             ... wielding a +0 hand axe
              (7 damage)
             ... on level 4 of the Dungeon.
             The game lasted 00:03:48 (3564 turns).

Jivvin the Grave Robber (Demonspawn Necromancer)    Turns: 3564, Time: 00:03:50

Health: -1/35      AC:  6    Str:  8    XL:     5   Next: 57%
Magic:  1/8        EV: 15    Int: 18    God:
Gold:   115        SH:  0    Dex: 13    Spells: 4/8 levels left

rFire    . . .     SeeInvis .   d - +0 mace
rCold    . . .     Gourm    .   a - +0 robe
rNeg     . . .     Faith    .   (no shield)
rPois    .         Spirit   .   s - +0 helmet
rElec    .         Reflect  .   e - +2 cloak
rCorr    .         Harm     .   (no gloves)
MR       .....                  (no boots)
Stlth    ++........             (no amulet)
Regen    0.2/turn               (no ring)
MPRegen  0.2/turn               r - +3 ring of evasion

@: no status effects
A: claws 1, spiny 1, rot immunity
a: no special abilities


You were on level 4 of the Dungeon.
You were not hungry.

You visited 1 branch of the dungeon, and saw 4 of its levels.

You collected 115 gold pieces.

Inventory:

Hand Weapons
 d - a +0 mace (weapon)
Armour
 a - a +0 robe (worn)
 e - a +2 cloak (worn)
 s - a +0 helmet (worn)
Jewellery
 r - a +3 ring of evasion (left claw)
Scrolls
 f - a scroll of amnesia {unknown}
 g - a scroll of immolation {unknown}
 j - 3 scrolls of teleportation {unknown}
 k - 4 scrolls of identify {unknown}
 m - a scroll of recharging {unknown}
 p - a scroll of remove curse {unknown}
 t - a scroll of fog {unknown}
 w - a scroll of magic mapping {unknown}
Potions
 h - a potion of mutation {unknown}
 i - 2 potions of curing
 n - a potion of heal wounds {unknown}
 o - a potion of degeneration {unknown}
 q - 3 potions of lignification {unknown}
 u - a potion of haste
 x - 2 potions of magic {unknown}
Books
 b - a book of Necromancy

   Spells                             Type                      Level
   a - Pain                           Necromancy                   1
   b - Animate Skeleton               Necromancy                   1
   c - Vampiric Draining              Necromancy                   3
   d - Regeneration                   Charms/Necromancy            3
   e - Animate Dead                   Necromancy                   4
   f - Control Undead                 Necromancy                   4
Comestibles
 c - 3 bread rations
 l - a royal jelly
 v - a fruit


   Skills:
 - Level 1.7 Dodging
 - Level 1.7 Stealth
 - Level 2.0 Spellcasting
 + Level 7.6 Necromancy


You had 4 spell levels left.
You knew the following spells:

 Your Spells              Type           Power        Failure   Level  Hunger
a - Pain                  Necr           ####         1%          1    #......
b - Vampiric Draining     Necr           ####......   2%          3    ###....


Dungeon Overview and Level Annotations

Branches:
Dungeon (4/15)
 Temple: D:4-7

Altars:
Qazlal
Trog


Innate Abilities, Weirdness & Mutations

You have sharp fingernails.
You are partially covered in sharp spines.
You are immune to rotting.


Message History

The magic dart hits you! The orc barely misses you.
Casting: Pain
Confirm with . or Enter, or press ? or * to list all spells.
Aiming: Pain
Press: ? - help, Shift-Dir - straight line, f/p - orc wizard
Aim: an orc wizard, wielding a dagger and wearing a robe (almost dead, chance to defeat MR: 84%)
The orc wizard writhes in agony!
You kill the orc wizard!
The orc misses you.
There is a stone staircase leading down here.
You are too injured to fight recklessly!
You are too injured to fight recklessly!
You are too injured to fight recklessly!
You barely miss the orc. You barely miss the orc. The orc barely misses you.
The orc misses you.
You barely miss the orc. The orc hits you but does no damage.
The orc misses you. The orc hits you with a hand axe!
* * * LOW HITPOINT WARNING * * *
The orc is struck by your spines. The orc hits you with a hand axe!
You die...

#.###########
#.#[........#
#.#.#######.#
#.#.# #.#
###.#.##### #.#
#.........###.#
###)#.##...##.#
##....#.#.#.#.###
#......o@.......#
....#
##.<.##o###.###.#
.... ##(####.).##
#.# ...## #.#
##### #.# #...#
#.# #.# #...#
##'## #.#
#...###...##
##.##
#...#.....##
##...##
#...#......##
##..#..#


You could see 2 orcs.

Vanquished Creatures
  A howler monkey (D:4)
  An orc wizard (D:4)
  5 adders
  An ooze (D:2)
  4 worms
  2 dart slugs
  4 leopard geckos
  2 orcs (D:4)
  12 bats
  3 giant cockroaches
  7 goblins
  9 hobgoblins
  5 jackals (D:2)
  5 frilled lizards
  7 kobolds
  A quokka skeleton (D:4)
  7 rats
76 creatures vanquished.

Notes
Turn   | Place    | Note
-------+----------+-------------------------------------------
     0 | D:1      | Jivvin the Demonspawn Necromancer began the quest for the Orb.
     0 | D:1      | Reached XP level 1. HP: 13/13 MP: 3/3
   508 | D:1      | Gained mutation: You are immune to rotting. [demonic ancestry]
   508 | D:1      | Reached XP level 2. HP: 16/19 MP: 0/5
   677 | D:1      | Reached skill level 5 in Necromancy
  1191 | D:1      | Gained mutation: You have sharp fingernails. [demonic ancestry]
  1191 | D:1      | Reached XP level 3. HP: 22/24 MP: 3/6
  1476 | D:2      | Learned a level 3 spell: Vampiric Draining
  1587 | D:2      | Reached skill level 6 in Necromancy
  1933 | D:2      | Gained mutation: You are partially covered in sharp spines. [demonic ancestry]
  1933 | D:2      | Reached XP level 4. HP: 14/30 MP: 3/7
  2253 | D:2      | Found a stormy altar of Qazlal.
  3055 | D:3      | Found a bloodstained altar of Trog.
  3405 | D:4      | Reached skill level 7 in Necromancy
  3405 | D:4      | Reached XP level 5. HP: 32/35 MP: 2/8
  3564 | D:4      | Slain by an orc

Vault maps used:
D:1:      dpeg_arrival_lava_altar
D:2:      lemuel_round_altar, first_bread, minmay_bisected
D:3:      minmay_misc_feat_more_columns, trog_three_pillars_becter
D:4:      eino_curves_04, st_stairs_14, bloody_trog

Skill      XL: |  1  2  3  4 |
---------------+-------------+-----
Necromancy     | 5 6 7 |  7.6
Dodging        | |  1.7
Stealth        | |  1.7
Spellcasting   | |  2.0

Action                   |  1- 3 |  4- 6 || total
-------------------------+-------+-------++-------
Melee: Unarmed           |     5 |       ||     5
       Mace              |    46 |    46 ||    92
 Cast: Pain              |    61 |    33 ||    94
       Vampiric Draining |     3 |     4 ||     7
  Use: Potion            |     1 |     1 ||     2
 Stab: Sleeping          |       |     3 ||     3
  Eat: Chunk             |     4 |     4 ||     8
       Bread ration      |       |     1 ||     1
Armor: Robe              |    20 |    21 ||    41
Dodge: Dodged            |    51 |    33 ||    84
